 Dungeon Crawl Stone Soup version 0.31-a0-986-g5e6e4ef867 (webtiles) character file.

Game seed: 3872558460237612769

116 dragonking145 the Shield-Bearer (level 5, -1/42 HPs)
             Began as a Formicid Fighter on Nov 17, 2023.
             Slain by a jackal skeleton (2 damage)
             ... on level 3 of the Dungeon.
             The game lasted 00:08:59 (4609 turns).

dragonking145 the Shield-Bearer (Formicid Fighter)  Turns: 4609, Time: 00:08:59

Health: -1/42      AC:  8    Str: 21 (23) XL:     5   Next: 20%
Magic:  5/5        EV: 10    Int:  5 (7)  God:
Gold:   94         SH:  6    Dex: 19      Spells: 4/4 levels left

rFire   . . .        a - +0 long sword
rCold   . . .        c - +0 buckler
rNeg    . . .        b - +1 scale mail
rPois   .            (helmet unavailable)
rElec   .            (no cloak)
rCorr   .            (no gloves)
SInv    +            (no boots)
Will    +....        (no amulet)
Stlth   +            g - +6 ring of dexterity
HPRegen 0.27/turn    (no ring)
MPRegen 0.09/turn

%: no passive effects
@: mighty, enlightened, flying
A: permanent stasis, dig shafts and tunnels, antennae 3, four strong arms
a: Dig, Shaft Self


You were on level 3 of the Dungeon.
You visited 1 branch of the dungeon, and saw 3 of its levels.

You collected 94 gold pieces.

Inventory:

Hand Weapons
 a - a +0 long sword (weapon)
Armour
 b - a +1 scale mail (worn)
 c - a +0 buckler (worn)
Jewellery
 g - a +6 ring of dexterity (left hand)
Potions
 d - a potion of might


   Skills:
 + Level 3.7 Fighting
 + Level 3.1 Long Blades
 + Level 4.1 Armour
 + Level 0.8 Dodging
 + Level 1.0 Stealth
 + Level 4.8 Shields


You had 4 spell levels left.
You didn't know any spells.
Your spell library contained the following spells:

 Spells                   Type           Power      Damage    Failure   Level
 Summon Guardian Golem    Hex/Summ       0%         N/A       99%         3
 Orb of Destruction       Conj           0%         9d5       100%        7
 Spellforged Servitor     Conj/Summ      0%         N/A       100%        7


Dungeon Overview and Level Annotations

Branches:
Dungeon (3/15)

Altars:
Dithmenos
Kikubaaqudgha
Yredelemnul

Annotations:
D:3 1 transporter, Menkaure


Innate Abilities, Weirdness & Mutations

You cannot be hasted, slowed, berserked, paralysed or teleported.
You can dig through walls and to a lower floor.
You have a pair of large antennae on your head. (SInv)
Your four strong arms can wield two-handed weapons with a shield.


Message History

The phantom is heavily damaged.
The jackal skeleton barely misses you.
Menkaure mumbles a few words.
The phantom hits you but does no damage.
The quokka skeleton bites you but does no damage.
You slash the phantom!
The phantom is almost destroyed.
You block the jackal skeleton's attack. The phantom closely misses you.
The quokka skeleton bites you.
The jackal skeleton bites you but does no damage.
Menkaure breathes soot at you.
You slash the phantom!
You destroy the phantom!
The quokka skeleton closely misses you. The jackal skeleton misses you.
The quokka skeleton bites you but does no damage.
You feel your strength returning.
You feel your dexterity returning.
Your Long Blades skill increases to level 3!
Your Armour skill increases to level 4!
Your Stealth skill increases to level 1!
You have reached level 4!
You feel stronger.
You have reached level 5!
You barely miss Menkaure.
Menkaure gestures at you while chanting.
You resist with some effort.
The jackal skeleton bites you but does no damage. x2
You block the quokka skeleton's attack. Menkaure hits you.
* * * LOW HITPOINT WARNING * * *
You slice Menkaure!!
Menkaure is almost destroyed.
Menkaure hits you but does no damage.
The jackal skeleton bites you but does no damage.
The quokka skeleton misses you.
Unknown command.
You hit Menkaure.
Menkaure is almost destroyed.
Menkaure hits you!
* * * LOW HITPOINT WARNING * * *
The jackal skeleton bites you.
You die...

##.............©.......#.# #..#
.........#############.#.###..###
.......#.#[)$_?⌠:_$).#...........
.....###.#...........#.#.########
......##.#..##...##..#.#...
...#.>...#..#8...8#..#.#.....
.........#(.##...##..#.#.......
.........#.....©.....#.##......
........#..##.Z@##..#.# ......
........#..#8.ZM8#..#.# ......
........#..##...##..#.#
........#...........#.## ..
#.#+#...#..........©#..##.... #.
#...#############........
#.<.......©.......#.....#
#...........#.###.#..#.(#
##+#.....+........##...>#


You could see Menkaure (fast), a quokka skeleton and a jackal skeleton.

Vanquished Creatures
  A phantom (D:3)
  An adder (D:3)
  A worm (D:2)
  A dart slug (D:1)
  A ball python (D:1)
  4 bats
  4 endoplasms
  2 giant cockroaches
  3 goblins
  5 hobgoblins
  A quokka (D:3)
  3 frilled lizards
  A kobold (D:2)
  2 rats (D:1)
30 creatures vanquished.

Notes
Turn   | Place    | Note
-------+----------+-------------------------------------------
     0 | D:1      | dragonking145 the Formicid Fighter began the quest for the
                  | Orb.
     0 | D:1      | Reached XP level 1. HP: 18/18 MP: 1/1
   452 | D:1      | Reached XP level 2. HP: 24/24 MP: 2/2
  1091 | D:2      | Reached XP level 3. HP: 29/29 MP: 3/3
  1324 | D:2      | Found a shadowy altar of Dithmenos.
  1654 | D:3      | Identified the of Eruybrij
  1696 | D:3      | Found an ancient bone altar of Kikubaaqudgha.
  1698 | D:3      | Noticed Menkaure
  1700 | D:3      | Noticed a phantom
  1701 | D:3      | Found a transporter.
  1703 | D:3      | Found a transporter.
  1722 | D:3      | Found a basalt altar of Yredelemnul.
  4606 | D:3      | Killed a phantom
  4607 | D:3      | Reached skill level 1 in Stealth
  4607 | D:3      | Reached XP level 4. HP: 13/37 MP: 4/4
  4607 | D:3      | Reached XP level 5. HP: 15/42 MP: 5/5
  4609 | D:3      | HP: 1/42 [Menkaure (10)]
  4609 | D:3      | Slain by a jackal skeleton

Illustrated notes

Levels and vault maps discovered:
D:1:      dpeg_arrival_castle, layout_loops_ring
D:2:      layout_basic, basic_altar
D:3:      layout_basic, gammafunk_temple_of_torment, uniq_grinder, uniq_terence

Skill      XL: |  1  2  3 |
---------------+----------+-----
Long Blades    | 3 |  3.1
Armour         | 4 |  4.1
Stealth        | 1 |  1.0
Fighting       | |  3.7
Dodging        | |  0.8
Shields        | |  4.8

Action                     |  1- 3 |  4- 6 || total
---------------------------+-------+-------++-------
  Melee: Long sword        |   113 |     3 ||   116
    Use: Scroll            |     5 |       ||     5
         Potion            |     7 |       ||     7
 Armour: Scale mail        |   120 |     7 ||   127
  Dodge: Dodged            |    83 |     1 ||    84
  Block: Buckler           |    42 |     1 ||    43

Table legend: (Time is in decaauts)
 A = Elapsed time spent in this place.
 B = Non-inter-level travel time spent in this place.
 C = Inter-level travel time spent in this place.
 D = Time resting spent in this place.
 E = Time spent auto-exploring this place.
 F = Levels seen in this place.
 G = Mean time per level.
                   A        B        C        D        E       F      G
               +--------+--------+--------+--------+--------+-----+--------+
         Total |   4656 |   4448 |    208 |   2886 |      0 |   3 | 1552.0 |
       Dungeon |   4656 |   4448 |    208 |   2886 |      0 |   3 | 1552.0 |
               +--------+--------+--------+--------+--------+-----+--------+

Top non-repeatable levels by time:
     D:3: 2966 daAuts
     D:1: 1062 daAuts
     D:2: 627 daAuts
